 Dungeon Crawl Stone Soup version 0.27-a0-1384-g1422d76b99 (webtiles) character file.

Game seed: 8189143258700331266

249 Gwenloh the Grave Robber (level 5, 0/28 HPs)
             Began as a Vampire Necromancer on June 30, 2021.
             Slain by a bullfrog (4 damage)
             ... on level 6 of the Dungeon.
             The game lasted 00:27:49 (6328 turns).

Gwenloh the Grave Robber (Vampire Necromancer)      Turns: 6328, Time: 00:27:50

Health: 0/28       AC:  2    Str:  5 (7)  XL:     5   Next: 86%
Magic:  3/10       EV: 12    Int: 16 (18) God:
Gold:   174        SH:  0    Dex: 19 (21) Spells: 3/11 levels left

rFire    . . .     SeeInvis +   v - +0 dagger (elec)
rCold    + + .     Faith    .   (no shield)
rNeg     + + +     Spirit   .   a - +0 robe
rPois    ∞         Reflect  .   (no helmet)
rElec    .         Harm     .   (no cloak)
rCorr    .         Rampage  .   (no gloves)
Will     .....                  (no boots)
Stlth    +++++.....             (no amulet)
HPRegen  0.00/turn              m - +6 ring of dexterity
MPRegen  0.12/turn              (no ring)

@: bloodless
A: bloodless, fangs 3, see invisible, vampiric 2
a: Bat Form, Revivify


You were on level 6 of the Dungeon.
You visited 1 branch of the dungeon, and saw 6 of its levels.

You collected 174 gold pieces.

Inventory:

Hand Weapons
 c - a +0 whip
 h - a +0 dagger
 s - a +0 vorpal long sword
 v - a +0 dagger of electrocution (weapon)
 A - the +8 dagger "Ubloxu" {speed, Fly rC- Dex+3}
   (You found it on level 6 of the Dungeon)

   Attacks with this weapon are significantly faster.
   Dex:       It affects your dexterity (+3).
   rC:        It makes you vulnerable to cold.
   Fly:       It grants you flight.
Missiles
 d - 245 stones (quivered)
 x - 4 boomerangs
Armour
 a - a +0 robe (worn)
 j - a +0 leather armour
Jewellery
 m - a +6 ring of dexterity (left hand)
 r - an amulet of guardian spirit
Scrolls
 b - 3 scrolls of identify {unknown}
 f - 2 scrolls of amnesia
 g - a scroll of immolation {unknown}
 i - a scroll of fog {unknown}
 k - a scroll of fear {unknown}
 l - 2 scrolls of teleportation
 o - a scroll of enchant armour {unknown}
 p - a scroll of magic mapping {unknown}
 q - a scroll of noise {unknown}
 u - a scroll of summoning {unknown}
 y - a scroll of acquirement {unknown}
Potions
 e - 2 potions of mutation {unknown}
 n - 2 potions of might {unknown}
 t - a potion of heal wounds {unknown}
 w - a potion of attraction {unknown}
 z - a potion of curing {unknown}


   Skills:
 - Level 2.1 Dodging
 - Level 3.0 Stealth
 + Level 3.5 Spellcasting
 * Level 7.0 Necromancy


You had 3 spell levels left.
You knew the following spells:

 Your Spells              Type           Power      Damage    Failure   Level
a - Pain                  Necr           100%       1d9       1%          1
b - Vampiric Draining     Necr           12%        2d7       3%          3
c - Animate Dead          Necr           12%        N/A       10%         4

Your spell library contained the following spells:

 Spells                   Type           Power      Damage    Failure   Level
 Animate Skeleton         Necr           50%        N/A       1%          1
 Agony                    Necr           25%        N/A       28%         5


Dungeon Overview and Level Annotations

Branches:
Dungeon (6/15)
 Temple: D:4-7

Altars:
Cheibriados
Uskayaw
Wu Jian
Zin
The Shining One

Annotations:
D:4 Pikel
D:6 Blork the orc


Innate Abilities, Weirdness & Mutations

You do not regenerate when monsters are visible.
You are frail without blood (-20% HP).
You can heal yourself when you bite living creatures.
You are immune to poison.
You have razor-sharp teeth.
You have supernaturally acute eyesight. (SInv)
You are afflicted with vampirism and can become a bat while bloodless.


Message History

Aiming: Pain (safe; 1% risk of failure)
Press: ? - help, Shift-Dir - straight line, f/p - ogre
Aim: an ogre, wielding a +0 giant club (moderately wounded, chance to affect: 84%)
The ogre writhes in agony.
Casting: Pain (safe; 1% risk of failure)
Confirm with . or Enter, or press ? or * to list all spells.
Aiming: Pain (safe; 1% risk of failure)
Press: ? - help, Shift-Dir - straight line, f/p - ogre
Aim: an ogre, wielding a +0 giant club (heavily wounded, chance to affect: 84%)
You miscast Pain.
You are very lightly contaminated with residual magic.
Nothing appears to happen.
A bullfrog comes into view.
Casting: Pain (safe; 1% risk of failure)
Confirm with . or Enter, or press ? or * to list all spells.
Aiming: Pain (safe; 1% risk of failure)
Press: ? - help, Shift-Dir - straight line, f/p - ogre
Aim: an ogre, wielding a +0 giant club (moderately wounded, chance to affect: 84%)
The ogre writhes in agony.
The ogre hits you with a +0 giant club!
Casting: Pain (safe; 1% risk of failure)
Confirm with . or Enter, or press ? or * to list all spells.
Aiming: Vampiric Draining (dangerous; 3% risk of failure)
Press: ? - help, Shift-Dir - straight line, f/p - ogre
Aim: an ogre, wielding a +0 giant club (heavily wounded)
You draw life force from the ogre.
You feel life coursing into your body.
Casting: Vampiric Draining (dangerous; 3% risk of failure)
Confirm with . or Enter, or press ? or * to list all spells.
You don't have enough magic to cast this spell.
Throw: 246 stones
Press: ? - help, Q - select action, (/) - cycle Shift-Dir - straight line, f/p - ogre
Aim: an ogre, wielding a +0 giant club (almost dead, 75% to hit)
You throw a stone. The stone hits the ogre.
The ogre is almost dead.
The ogre hits you with a +0 giant club! The bullfrog closely misses you.
Your magical contamination has completely faded away.
The bullfrog hits you.
* * * LOW HITPOINT WARNING * * *
The bullfrog hits you.
You die...

################
#..............#
#..............#
#..............#
#.....<@F......#####
#..?....O..........+
........##.........#.
.....o..#####.<....'.
........# ####+#.#.
........# .#
.#......# .# +.......
.# .#


You could see Blork the orc, an ogre and a bullfrog.

Vanquished Creatures
  A hound (D:5)
  2 orc wizards
  A hound skeleton (D:4)
  3 gnolls
  3 adders
  2 dart slugs (D:3)
  9 orcs
  5 bats
  6 endoplasms
  6 giant cockroaches
  3 goblins
  5 hobgoblins
  12 jackals
  5 kobolds
  2 quokkas
  9 ball pythons
  A frilled lizard (D:3)
  4 rats
79 creatures vanquished.

Notes
Turn   | Place    | Note
-------+----------+-------------------------------------------
     0 | D:1      | Gwenloh the Vampire Necromancer began the quest for the
                  | Orb.
     0 | D:1      | Reached XP level 1. HP: 13/13 MP: 3/3
   266 | D:1      | Reached XP level 2. HP: 15/15 MP: 1/5
   641 | D:1      | Reached skill level 5 in Necromancy
   963 | D:1      | Found a faded altar of an unknown god.
  1056 | D:1      | Gained mutation: You are afflicted with vampirism and can
                  | become a bat while bloodless. [Vampire growth]
  1056 | D:1      | Reached XP level 3. HP: 19/19 MP: 4/6
  1060 | D:1      | Learned a level 3 spell: Vampiric Draining
  1140 | D:2      | Found an ornate altar of the Wu Jian Council.
  2122 | D:2      | Reached XP level 4. HP: 24/24 MP: 6/8
  2588 | D:2      | Reached skill level 6 in Necromancy
  2623 | D:2      | Learned a level 4 spell: Animate Dead
  2924 | D:3      | Reached XP level 5. HP: 28/28 MP: 7/9
  3216 | D:3      | Found a snail-covered altar of Cheibriados.
  3869 | D:4      | Noticed a lemure
  3869 | D:4      | Noticed a lemure
  4000 | D:4      | Noticed a necrophage
  4277 | D:4      | Noticed a necrophage
  4311 | D:4      | Noticed a lemure
  4456 | D:5      | Entered Level 5 of the Dungeon
  4569 | D:5      | Noticed a phantom
  4612 | D:5      | Reached skill level 7 in Necromancy
  4810 | D:4      | Noticed Pikel
  4813 | D:4      | Noticed a lemure
  5915 | D:5      | Noticed an ogre
  6103 | D:5      | Found a hide-covered altar of Uskayaw.
  6137 | D:5      | Noticed an ogre
  6221 | D:5      | Noticed an ogre
  6225 | D:6      | Noticed a phantom
  6249 | D:6      | Identified the +8 dagger "Ubloxu" {speed, Fly rC- Dex+3}
  6252 | D:6      | Noticed Blork the orc
  6314 | D:6      | Noticed an ogre
  6328 | D:6      | Slain by a bullfrog

Illustrated notes

Levels and vault maps discovered:
D:1:      dpeg_arrival_tiny_c, layout_loops_cross, basic_ecumenical_altar,
          minmay_misc_feat_enclosed
D:2:      layout_loops_cross, basic_altar, minmay_tromino_i4
D:3:      layout_basic, chequers_temple_overflow_statue_of_worship
D:4:      layout_loops_ring, minmay_close_crescents, uniq_pikel
D:5:      layout_gridville, gammafunk_temple_overflow_elements
D:6:      layout_basic, uniq_blork_the_orc

Skill      XL: |  1  2  3  4  5 |
---------------+----------------+-----
Necromancy     | 5 6 7 |  7.0
Spellcasting   | 3 |  3.5
Dodging        | |  2.1
Stealth        | |  3.0

Action                   |  1- 3 |  4- 6 || total
-------------------------+-------+-------++-------
Melee: Dagger            |    16 |    14 ||    30
       Bite              |       |     2 ||     2
Throw: Stone             |     2 |     3 ||     5
 Cast: Pain              |    73 |    79 ||   152
       Vampiric Draining |     1 |     5 ||     6
 Abil: Exsanguinate      |     1 |       ||     1
       End Transformatio |       |     1 ||     1
       Bat Form          |       |     1 ||     1
  Use: Scroll            |       |     3 ||     3
 Stab: Sleeping          |       |     1 ||     1
Armor: Robe              |     8 |     1 ||     9
Dodge: Dodged            |    40 |    18 ||    58

Table legend: (Time is in decaauts)
 A = Elapsed time spent in this place.
 B = Non-inter-level travel time spent in this place.
 C = Inter-level travel time spent in this place.
 D = Time resting spent in this place.
 E = Time spent auto-exploring this place.
 F = Levels seen in this place.
 G = Mean time per level.
                   A        B        C        D        E       F      G
               +--------+--------+--------+--------+--------+-----+--------+
         Total |   6096 |   5849 |    247 |   1526 |   2713 |   6 | 1016.0 |
       Dungeon |   6096 |   5849 |    247 |   1526 |   2713 |   6 | 1016.0 |
               +--------+--------+--------+--------+--------+-----+--------+

Top non-repeatable levels by time:
     D:2: 1551 daAuts
     D:3: 1359 daAuts
     D:1: 1301 daAuts
     D:4: 1082 daAuts
     D:5: 717 daAuts
     D:6: 85 daAuts
